 Dungeon Crawl Stone Soup version 0.29.0-5-ge4962eb29e (console) character file.

Game seed: 7087267120113457957

16793 odiv the Covert (level 12, 0/81 HPs)
             Began as a Demonspawn Wanderer on Aug 29, 2022.
             Was an Elder of Hepliaklqana.
             Slain by a six-headed hydra (5 damage)
             ... on level 3 of the Lair of Beasts.
             The game lasted 01:08:51 (15741 turns).

odiv the Covert (Demonspawn Wanderer)              Turns: 15741, Time: 01:08:53

Health: 0/81       AC:  5    Str:  7    XL:     12   Next: 13%
Magic:  16/16      EV: 13    Int: 11    God:    Hepliaklqana [****..]
Gold:   421        SH:  0    Dex: 22    Spells: 13/17 levels left

rFire   + + .      SeeInvis .   a - +0 dagger (speed)
rCold   + . .      Faith    +   (no shield)
rNeg    . . .      Spirit   .   N - +2 robe {Will+}
rPois   .          Reflect  .   (helmet restricted)
rElec   +          Harm     .   w - scarf {rC+ rF+}
rCorr   +          Rampage  .   V - +0 pair of gloves
Will    +....                   (no boots)
Stlth   ++++++....              F - amulet of faith
HPRegen 0.23/turn               p - ring of flight
MPRegen 0.15/turn               K - ring "Pacwiwia" {rElec rCorr Str-4 Slay+2}

@: flying, studying Stealth
A: reduced essence, hooves 2, horns 2, demonic magic 1, weakness stinger 1, fire
resistance 1, robust 1
a: Renounce Religion, Recall Ancestor, Ancestor Identity, Transference, Idealise


You were on level 3 of the Lair of Beasts.
You worshipped Hepliaklqana.
Hepliaklqana was greatly pleased with you.
You visited 2 branches of the dungeon, and saw 13 of its levels.

You collected 1121 gold pieces.
You spent 700 gold pieces at shops.

Inventory:

Hand Weapons
 a - a +0 dagger of speed (weapon)
 b - a +0 sling
 f - a +0 mace
 j - a +3 falchion
 k - a +2 short sword
 C - a +0 dagger of venom
Missiles
 g - 7 poisoned darts
 s - 9 boomerangs
 u - a throwing net
 y - 2 boomerangs of dispersal
 B - 3 silver javelins
 M - 3 javelins (quivered)
Armour
 w - a scarf of resistance (worn)
 N - a +2 robe of willpower (worn)
 T - a +0 kite shield
 V - a +0 pair of gloves (worn)
Jewellery
 p - a ring of flight (left hand)
 x - a ring of see invisible
 F - an amulet of faith (around neck)
 K - the ring "Pacwiwia" (right hand) {rElec rCorr Str-4 Slay+2}
   (You bought it in a shop on level 1 of the Dungeon)

   [ring of resist corrosion]

   Str:       It affects your strength (-4).
   Slay:      It affects your accuracy & damage with ranged weapons and melee
   (+2).
   rElec:     It insulates you from electricity.
   rCorr:     It protects you from acid and corrosion.
Wands
 A - a wand of roots (11)
 I - a wand of flame (10)
 R - a wand of mindburst (7)
 S - a wand of quicksilver (12)
 W - a wand of digging (4)
Scrolls
 d - 2 scrolls of blinking
 n - 2 scrolls of immolation
 o - a scroll of silence
 q - 4 scrolls of identify
 v - 2 scrolls of vulnerability
 D - a scroll of brand weapon
 G - a scroll of butterflies
 J - a scroll of magic mapping
 L - a scroll of poison
 O - a scroll of enchant weapon
 P - 3 scrolls of torment
 Q - 2 scrolls of amnesia
 U - a scroll of teleportation
Potions
 c - 4 potions of haste
 e - 4 potions of curing
 h - 4 potions of ambrosia
 i - 4 potions of mutation
 l - a potion of magic
 m - 2 potions of flight
 t - 6 potions of heal wounds
 z - a potion of brilliance
 E - 2 potions of resistance
 H - a potion of invisibility
Miscellaneous
 r - a phial of floods


   Skills:
 - Level 3.0 Fighting
 + Level 11.5(11.8) Short Blades
 - Level 4.1(8.4) Long Blades
 - Level 1.0 Maces & Flails
 - Level 1.0 Armour
 - Level 2.6 Dodging
 + Level 14.7 Stealth
 - Level 3.0 Spellcasting
 - Level 6.0 Hexes


You had 13 spell levels left.
You knew the following spells:

 Your Spells              Type           Power      Damage    Failure   Level
a - Slow                  Hex            56%        N/A       2%          1
b - Confusing Touch       Hex            14%        N/A       7%          3

Your spell library contained the following spells:

 Spells                   Type           Power      Damage    Failure   Level
 Beastly Appendage        Tmut           2%         N/A       26%         1
 Magic Dart               Conj           4%         1d3       26%         1
 Sting                    Tmut/Pois      4%         1d3       26%         1
 Call Imp                 Summ           1%         N/A       36%         2
 Poisonous Vapours        Pois/Air       2%         N/A       36%         2
 Wereblood                Tmut           1%         N/A       36%         2
 Gell's Gravitas          Tloc           1%         N/A       61%         3
 Lesser Beckoning         Tloc           1%         N/A       61%         3
 Mephitic Cloud           Conj/Pois/Air  1%         N/A       61%         3
 Spider Form              Tmut/Pois      1%         N/A       61%         3
 Teleport Other           Tloc           1%         N/A       61%         3
 Vampiric Draining        Necr           1%         2d6       61%         3
 Olgreb's Toxic Radiance  Pois           1%         N/A       95%         4


Dungeon Overview and Level Annotations

Branches:
Dungeon (10/15)            Temple (0/1) D:4            Lair (3/5) D:8
 Shoals (0/4) Lair:2        Snake (0/4) Lair:2
    Orc: D:9-12

Altars:
Ashenzari
Hepliaklqana
Kikubaaqudgha
Nemelex Xobeh
Trog
Uskayaw

Shops:
D:1 ==!   D:4 (

Portals:
Trove: D:10 (give 11 potions of heal wounds)

Annotations:
D:3 2 transporters
D:6 exclusion: downstairs
D:7 Dowan, Duvessa
D:9 exclusion: 2 doors
D:10 3 runed translucent doors, exclusion: 2 statues, Sobieck's ghost, journeyman VSEE
Lair:1 exclusion: hydra
Lair:2 exclusions: hydra and oklob plant
Lair:3 2 runed translucent doors, exclusions: boulder beetle and oklob plant, Fuxod's ghost, journeyman GnWn


Innate Abilities, Weirdness & Mutations

Your life essence is reduced to manifest your ancestor. (-10% HP)
You have hoof-like feet.
You have a pair of horns on your head.
Spells you cast may paralyse adjacent enemies.
You have a small tail.
Your flesh is heat resistant. (rF+)
You are robust. (+10% HP)


Message History

You fly upwards.
Level annotation: exclusions: hydra and oklob plant You feel sick.
There is a stone staircase leading down here.
You start resting.
You feel sick. x3
You are no longer poisoned.
You start resting.
HP restored.
You fly downwards.
Level annotation: 2 runed translucent doors, exclusions: boulder beetle and oklob plant, Fuxod's ghost, journeyman GnWn
There is a stone staircase leading up here.
Found a stone staircase leading down.
Publia hits the six-headed hydra with a +0 dagger of draining!
Publia drains the six-headed hydra.
The six-headed hydra attacks as you move away!
The six-headed hydra bites you. The six-headed hydra bites you!
The six-headed hydra closely misses you.
The six-headed hydra bites you! x3
Casting: Slow (safe; 2% risk of failure)
Confirm with . or Enter, or press ? or * to list all spells.
Aiming: Slow (safe; 2% risk of failure)
Press: ? - help, Shift-Dir - straight line, f - six-headed hydra
Aim: a six-headed hydra (lightly wounded, lightly drained, ally target, chance to affect: 24%)
Okay, then.
Okay, then.
Unknown command.
The six-headed hydra attacks as you move away!
The six-headed hydra misses you. The six-headed hydra bites you.
The six-headed hydra misses you. The six-headed hydra bites you! x2
* * * LOW HITPOINT WARNING * * *
The six-headed hydra completely misses you.
Okay, then.
The six-headed hydra attacks as you move away!
The six-headed hydra bites you!
* * * LOW HITPOINT WARNING * * *
The six-headed hydra closely misses you.
The six-headed hydra bites you!
* * * LOW HITPOINT WARNING * * *
The six-headed hydra bites you.
You die...

####.# #.....#### ##
#....#..P# ##..
##....#...###
...>.#P.(#....)..###
.....#...##........##
..#......#..........#
.....#...........#..#
..........<##.RD@..#..#
............#...>.....#
...........##...........#
..##......####.#........#
...##..#... ##~P........##
...####........~~~~~~~~~~##
..# .....#...~≈≈~~≈~~...##
..##
#.........~≈≈~~~≈~~...###
...# ##.~≈≈≈~.~~~~~....#


You could see the friendly Publia the hexer and a six-headed hydra (drained,
ally target).

Vanquished Creatures
  A catoblepas (Lair:2)
  A two-headed ogre (D:10)
  A black mamba (Lair:1)
  4 elephants (Lair:2)
  9 cane toads
  2 rime drakes
  4 komodo dragons
  A hornet (D:10)
  3 blink frogs (Lair:1)
  A shadow (D:10)
  3 wyverns
  18 yaks
  A vampire (D:8)
  A basilisk (Lair:1)
  A steam dragon (D:10)
  An acid dragon (D:9)
  4 water moccasins
  4 orc warriors
  A black bear (D:7)
  3 wolves (Lair:3)
  A centaur (D:9)
  A phantom (D:4)
  A kobold brigand (D:8)
  7 bullfrogs
  2 gnoll sergeants
  A necrophage (D:6)
  3 scorpions
  8 wights
  A vampire bat (D:3)
  A hound (D:6)
  2 jellies
  2 orc priests
  A gnoll bouda (D:5)
  An iguana (D:6)
  2 orc wizards
  14 gnolls
  12 adders
  A white imp (D:7)
  An ufetubus (D:6)
  2 worms
  3 dart slugs
  3 fire bats (D:3)
  26 orcs
  2 spectral bats (D:3)
  5 ball pythons
  15 bats
  3 bat skeletons (D:3)
  2 bat zombies
  9 endoplasms
  3 giant cockroaches
  6 goblins
  7 hobgoblins
  3 jackals (D:3)
  8 kobolds
  A quokka (D:4)
  2 frilled lizards
  3 rats
  A rat zombie (D:9)
230 creatures vanquished.

Vanquished Creatures (collateral kills)
  An elephant (Lair:2)
  A cane toad (Lair:2)
  2 rime drakes
  2 blink frogs (Lair:1)
  A wraith (D:10)
  A basilisk (Lair:2)
  Blork the orc (D:4)
  2 bullfrogs
  3 orc priests
  An iguana (D:5)
  An ancestor (D:7)
  A gnoll (D:10)
  2 orcs (D:7)
  A bat simulacrum (D:3)
20 creatures vanquished.

Vanquished Creatures (others)
  4 hexers
  2 ancestors (D:8)
  24 fungi
  14 plants
44 creatures vanquished.

Grand Total: 294 creatures vanquished

Notes
Turn   | Place    | Note
-------+----------+-------------------------------------------
     0 | D:1      | odiv the Demonspawn Wanderer began the quest for the Orb.
     0 | D:1      | odiv set off with the following items: a +2 short sword, a
                  | +0 mace, a +0 helmet, a scroll of blinking, a +0 leather
                  | armour.
     0 | D:1      | Reached XP level 1. HP: 15/15 MP: 1/1
   437 | D:1      | Gained mutation: Spells you cast may paralyse adjacent
                  | enemies. [demonic ancestry]
   437 | D:1      | Reached XP level 2. HP: 22/22 MP: 2/2
   444 | D:1      | Found Zugh's Jewellery Shoppe.
   476 | D:1      | Found Enuus's Jewellery Shop.
   497 | D:1      | You fall into a shaft and drop 1 floor!
   668 | D:1      | Found Con Raze's Distillery.
   676 | D:1      | Bought a potion of flight for 33 gold pieces
   681 | D:1      | Found a faded altar of an unknown god.
   954 | D:1      | Reached skill level 1 in Stealth
  1177 | D:1      | Bought a potion of attraction for 33 gold pieces
  1177 | D:1      | Bought a potion of lignification for 33 gold pieces
  1246 | D:2      | Discovered your monstrous ancestry.
  1246 | D:2      | Gained mutation: You have a pair of small horns on your
                  | head. [demonic ancestry]
  1246 | D:2      | Reached XP level 3. HP: 28/28 MP: 3/3
  1524 | D:2      | Learned a level 1 spell: Slow
  2019 | D:3      | Noticed an ancient zyme
  2087 | D:3      | Reached skill level 2 in Stealth
  2087 | D:3      | Reached XP level 4. HP: 32/35 MP: 4/4
  2227 | D:3      | Found a transporter.
  2232 | D:3      | Found a transporter.
  2232 | D:3      | Noticed a small abomination
  2508 | D:3      | Reached skill level 1 in Hexes
  2508 | D:3      | Reached XP level 5. HP: 38/41 MP: 5/5
  2989 | D:3      | Reached skill level 3 in Stealth
  3508 | D:3      | Noticed a small abomination
  3845 | D:4      | Reached XP level 6. HP: 47/47 MP: 6/6
  4396 | D:4      | Found Vihynawn's Antique Weapon Emporium.
  4515 | D:4      | Gained mutation: Your flesh is heat resistant. (rF+)
                  | [potion of mutation]
  4515 | D:4      | Gained mutation: You are robust. (+10% HP) [potion of
                  | mutation]
  4515 | D:4      | Gained mutation: You have sharp toenails. [potion of
                  | mutation]
  4576 | D:4      | Found a hide-covered altar of Uskayaw.
  4620 | D:4      | Reached skill level 1 in Spellcasting
  4704 | D:4      | Noticed Blork the orc
  4733 | D:4      | Bought a runed dagger for 125 gold pieces
  4761 | D:5      | Entered Level 5 of the Dungeon
  4799 | D:5      | Noticed an orc warrior
  4871 | D:5      | Found a hazy altar of Hepliaklqana.
  4873 | D:5      | Found a bloodstained altar of Trog.
  4879 | D:5      | Became a worshipper of Hepliaklqana the Forgotten
  5116 | D:6      | Found a broken altar of Ashenzari.
  5528 | D:5      | Learned a level 3 spell: Confusing Touch
  5737 | D:5      | Reached XP level 7. HP: 44/57 MP: 3/10
  5889 | D:6      | Found a sparkling altar of Nemelex Xobeh.
  6285 | D:5      | Reached skill level 5 in Hexes
  6370 | D:5      | Reached * piety under Hepliaklqana
  6416 | D:5      | Reached skill level 4 in Stealth
  6501 | D:6      | Reached XP level 8. HP: 58/58 MP: 8/12
  6869 | D:7      | Reached skill level 5 in Stealth
  7097 | D:7      | Noticed Dowan
  7098 | D:7      | Noticed Duvessa
  7122 | D:7      | Reached skill level 6 in Stealth
  7668 | D:7      | Reached skill level 7 in Stealth
  7990 | D:8      | Reached skill level 8 in Stealth
  8050 | D:8      | Noticed a two-headed ogre
  8190 | D:8      | Found a staircase to the Lair.
  8368 | D:8      | Reached skill level 1 in Long Blades
  8368 | D:8      | Gained mutation: You have a small tail. [demonic ancestry]
  8368 | D:8      | Reached XP level 9. HP: 63/63 MP: 13/13
  8450 | D:9      | Reached skill level 9 in Stealth
  8678 | D:9      | Noticed a troll
  8773 | D:9      | Found an ancient bone altar of Kikubaaqudgha.
  8836 | D:10     | Entered Level 10 of the Dungeon
  8927 | Lair:1   | Entered Level 1 of the Lair of Beasts
  8927 | Lair:1   | Noticed a cane toad
  8939 | Lair:1   | Killed a cane toad
  8940 | Lair:1   | Reached skill level 5 in Short Blades
  9084 | Lair:1   | Noticed a komodo dragon
  9097 | Lair:1   | Killed a komodo dragon
  9098 | Lair:1   | Reached skill level 10 in Stealth
  9124 | Lair:1   | Lost mutation: You have sharp toenails. [demonic ancestry]
  9124 | Lair:1   | Gained mutation: You have large cloven feet. [demonic
                  | ancestry]
  9124 | Lair:1   | Reached XP level 10. HP: 70/70 MP: 12/14
  9170 | Lair:1   | Reached ** piety under Hepliaklqana
  9171 | Lair:1   | Remembered your ancestor Publia as a hexer
  9594 | Lair:1   | Noticed a cane toad
  9626 | Lair:1   | Noticed a black mamba
  9634 | Lair:1   | Killed a black mamba
  9670 | Lair:1   | Reached skill level 11 in Stealth
  9935 | Lair:1   | Noticed a cane toad
  9940 | Lair:1   | Killed a cane toad
  9949 | Lair:1   | Killed a cane toad
 10365 | Lair:1   | Noticed an eight-headed hydra
 10624 | Lair:2   | Noticed a cane toad
 10637 | Lair:2   | HP: 2/70 [poisoned by a cane toad]
 10640 | Lair:2   | Noticed a cane toad
 10655 | Lair:2   | Found a staircase to the Snake Pit.
 10746 | Lair:2   | Killed a cane toad
 10747 | Lair:2   | Gained mutation: You have hoof-like feet. [demonic
                  | ancestry]
 10747 | Lair:2   | Reached XP level 11. HP: 50/75 MP: 13/15
 10897 | Lair:2   | Reached skill level 12 in Stealth
 10935 | Lair:2   | Noticed an eight-headed hydra
 10990 | Lair:2   | Noticed a catoblepas
 11011 | Lair:2   | Killed a catoblepas
 11124 | Lair:2   | Reached *** piety under Hepliaklqana
 11127 | Lair:2   | Found a staircase to the Shoals.
 11362 | D:1      | Bought the ring "Pacwiwia" {rElec rCorr Str-4 Slay+2} for
                  | 476 gold pieces
 11444 | D:4      | Found a staircase to the Ecumenical Temple.
 11600 | D:4      | Killed Blork the orc
 12001 | D:10     | Found a runed translucent gate.
 12001 | D:10     | Found a runed translucent gate.
 12001 | D:10     | Found a runed translucent gate.
 12003 | D:10     | Noticed Sobieck's ghost (journeyman VSEE)
 12031 | D:10     | Noticed a two-headed ogre
 12083 | D:10     | Reached skill level 10 in Short Blades
 12261 | D:10     | Found a portal to a secret trove of treasure.
 12305 | D:10     | Identified a scroll of acquirement
 12307 | D:10     | Acquired a manual of Stealth
 12659 | D:10     | Killed a two-headed ogre
 12733 | D:10     | Noticed an archer statue
 13080 | D:10     | Noticed an archer statue
 13380 | Lair:2   | Reached skill level 13 in Stealth
 13675 | Lair:3   | Found a large runed translucent door.
 13677 | Lair:3   | Found a large runed translucent door.
 13680 | Lair:3   | Noticed Fuxod's ghost (journeyman GnWn)
 13770 | Lair:3   | Noticed an oklob plant
 13771 | Lair:3   | Noticed a boulder beetle
 14061 | Lair:3   | Reached **** piety under Hepliaklqana
 14104 | Lair:3   | Noticed a six-headed hydra
 14434 | Lair:2   | Noticed an oklob plant
 14802 | Lair:2   | Reached skill level 14 in Stealth
 15230 | Lair:2   | Gained mutation: You have a pair of horns on your head.
                  | [demonic ancestry]
 15230 | Lair:2   | Reached XP level 12. HP: 81/81 MP: 14/16
 15741 | Lair:3   | Slain by a six-headed hydra

Illustrated notes

Levels and vault maps discovered:
D:1:      psy_arrival_dodecagon, layout_basic, serial_shops,
          nicolae_shop_waterfront, shop,
          nicolae_shop_temple_entry_statues_fountains,
          chequers_ecumenical_altar_simple_redux, minmay_tromino_i2
D:2:      minmay_spotlight, layout_basic
D:3:      layout_basic, gammafunk_ghost_abyssal_escape, grunt_ministairs_10,
          dreamdust_wishing_well, goddamned_bats
D:4:      layout_rooms, kennysheep_mini, minmay_temple_entry_arrows,
          serial_shops, shop, kennysheep_windowed_goal, uniq_blork_the_orc
D:5:      layout_rooms, grunt_temple_overflow_open
D:6:      layout_cave_pools, kennysheep_little_box,
          mainiacjoe_overflow_tiny_flanked
D:7:      layout_loops_cross, uniq_duvessa
D:8:      layout_rooms, kennysheep_mini_moat, lair_entry_dummy,
          hangedman_incinerator
D:9:      layout_basic, lemuel_zombie_altar_kikubaaqudgha, okawaru_trees_1,
          minmay_quadrilaterals
D:10:     layout_roguey, enter_trove_6, gammafunk_ghost_necromancy,
          minmay_dual_archer_statues
Lair:1:   layout_cellular_growth, st_stairs_5, beast_lair_carwin_2
Lair:2:   layout_regular_city, shoals_dummy_entry, dummy_snake_entry,
          minmay_lair_oklob_items, infiniplex_staircase_pool
Lair:3:   layout_misc_corridors, ebering_ghost_disaster_area,
          minmay_lair_oklob_bushes, chequers_serial_rivers_small_a,
          infiniplex_staircase_pool_2, lemuel_fruit_tree, lemuel_fruit_fields

Skill      XL: |  1  2  3  4  5  6  7  8  9 10 11 |
---------------+----------------------------------+-----
Fighting       | 2 3 |  3.0
Stealth        | 1 2 3 4 8 10 11 14 | 14.7
Short Blades   | 4 5 8 11 | 11.5
Hexes          | 1 2 3 5 6 |  6.0
Spellcasting   | 2 3 |  3.0
Long Blades    | 1 4 |  4.1
Maces & Flails | |  1.0
Armour         | |  1.0
Dodging        | |  2.6

Action                   |  1- 3 |  4- 6 |  7- 9 | 10-12 || total
-------------------------+-------+-------+-------+-------++-------
Melee: Short sword       |    47 |   147 |       |       ||   194
       Punch             |     2 |     6 |       |     2 ||    10
       Headbutt          |     3 |    26 |    19 |    40 ||    88
       Dagger            |       |    20 |   115 |   181 ||   316
       Kick              |       |    13 |    32 |    72 ||   117
       Tailslap          |       |       |     3 |    36 ||    39
 Fire: Sling             |    54 |   135 |    28 |       ||   217
Throw: Javelin           |       |       |       |     8 ||     8
 Cast: Slow              |       |    25 |    57 |   107 ||   189
       Confusing Touch   |       |       |     7 |     9 ||    16
Invok: Recall Ancestor   |       |       |       |     2 ||     2
       Ancestor Life: He |       |       |       |     1 ||     1
Evoke: Wand              |       |       |       |     5 ||     5
  Use: Scroll            |       |    11 |     5 |    15 ||    31
       Potion            |       |     5 |       |     4 ||     9
 Stab: Paralysed         |       |     6 |    34 |    42 ||    82
       Sleeping          |       |       |    14 |     9 ||    23
       Confused          |       |       |     2 |     9 ||    11
       Distracted        |       |       |       |     9 ||     9
Armor: Leather armour    |    13 |    52 |       |       ||    65
       Skin              |       |    42 |       |       ||    42
       Robe              |       |     6 |     6 |    15 ||    27
Dodge: Dodged            |    25 |   138 |    44 |    74 ||   281
